 Dungeon Crawl Stone Soup version 0.31-a0-313-g785cd24033 (webtiles) character file.

Game seed: 4671224518074733133

1762069 Olga the Conqueror (level 27, 273/273 HPs)
             Began as a Hill Orc Cinder Acolyte on July 17, 2023.
             Was an Initiate of Gozag.
             Escaped with the Orb
             ... and 3 runes!
             The game lasted 02:11:50 (63191 turns).

Olga the Conqueror (Hill Orc Cinder Acolyte)       Turns: 63191, Time: 02:11:51

Health: 273/273    AC: 37    Str: 26    XL:     27
Magic:  36/36      EV: 12    Int: 17    God:    Gozag
Gold:   1540       SH: 23    Dex: 12    Spells: 35/35 levels left

rFire   + + .        a - +9 broad axe (spect)
rCold   + + +        p - +0 tower shield
rNeg    . . .        C - +7 gold dragon scales
rPois   +            Z - +0 hat {Will+}
rElec   +            o - +1 cloak {Will+}
rCorr   +            N - +1 pair of gloves
SInv    .            W - +2 pair of boots of the Sunfish {rCorr}
Will    ++++.        Y - amulet of Cecao {Regen+ Str+3} Stlth
                     n - ring "Ujivih" {Drain rF+ rC++}
HPRegen 1.45/turn    R - ring "Ubbau" {rElec MP+9 Int+3}
MPRegen 0.25/turn

%: no passive effects
@: no status effects
A: claws 1, hooves 1, clumsy 1, deformed body, low MP 1, subdued magic 1
0: Orb of Zot
}: 3/15 runes: decaying, silver, gossamer
a: Renounce Religion, Potion Petition, Call Merchant, Bribe Branch


You escaped.
You worshipped Gozag.
Gozag was most pleased with you.
You visited 10 branches of the dungeon, and saw 48 of its levels.
You also visited: Ice Cave, Volcano and Wizlab.

You collected 25410 gold pieces.
You spent 2081 gold pieces at shops.
You paid 21789 gold pieces to Gozag.

Inventory:

Hand Weapons
 a - a +9 spectral broad axe (weapon)
 b - the +8 frozen axe "Frostbite" {freeze, freezing cloud, *Noise Fly rC+}
   (You acquired it on level 8 of the Dungeon)

   rC:        It protects you from cold.
   Fly:       It grants you flight.
   *Noise:    It may make noises in combat.
 i - a +1 scimitar of flaming
Missiles
 c - 17 curare-tipped darts
 k - 2 throwing nets
Armour
 o - a +1 cloak of willpower (worn)
 p - a +0 tower shield (worn)
 C - +7 gold dragon scales (worn)
 N - a +1 pair of gloves (worn)
 W - the +2 pair of boots of the Sunfish (worn) {rCorr}
   (You found it on level 3 of the Elven Halls)

   rCorr:     It protects you from acid and corrosion.
 Z - a +0 hat of willpower (worn)
Jewellery
 n - the ring "Ujivih" (left hand) {Drain rF+ rC++}
   (You bought it in a shop on level 10 of the Dungeon)

   [ring of protection from fire]

   rF:        It protects you from fire.
   rC:        It greatly protects you from cold.
   Drain:     It drains your maximum health when unequipped.
 z - a ring of see invisible
 H - a ring of positive energy
 R - the ring "Ubbau" (right hand) {rElec MP+9 Int+3}
   (You bought it in a shop on level 1 of the Lair of Beasts)

   [ring of magical power]

   Int:       It affects your intelligence (+3).
   rElec:     It insulates you from electricity.
   MP:        It affects your magic capacity (+9).
 S - the ring of Ucayvaokh {rPois rCorr Stlth+}
   (You took it off a deep elf pyromancer on level 3 of the Elven Halls)

   [ring of resist corrosion]

   rPois:     It protects you from poison.
   rCorr:     It protects you from acid and corrosion.
   Stlth:     It makes you more stealthy.
 V - the amulet of the Air {Inacc Air Fly rElec RMsl}
   (You took it off a deep elf demonologist on level 5 of the Vaults)

   [amulet of nothing]

   Inacc:     It reduces the accuracy of your attacks and spells.
   Air:       It enhances your air magic.
   rElec:     It insulates you from electricity.
   Fly:       It grants you flight.
   RMsl:      It protects you from missiles.
 Y - the amulet of Cecao (around neck) {Regen+ Str+3}
   (You bought it in a shop on level 10 of the Dungeon)

   [amulet of regeneration]

   Str:       It affects your strength (+3).
   Regen:     It increases your rate of health regeneration.
Wands
 m - a wand of polymorph (21)
 t - a wand of digging (21)
 A - a wand of charming (59)
 B - a wand of roots (36)
 E - a wand of mindburst (27)
 I - a wand of flame (121)
 M - a wand of quicksilver (33)
Scrolls
 f - 4 scrolls of poison
 g - 5 scrolls of fog
 r - 8 scrolls of vulnerability
 s - 7 scrolls of immolation
 x - a scroll of butterflies
 D - a scroll of blinking
 K - 11 scrolls of teleportation
 P - 3 scrolls of fear
 T - 3 scrolls of torment
 X - a scroll of revelation
Potions
 d - 3 potions of berserk rage
 e - 9 potions of mutation
 j - 5 potions of might
 l - 6 potions of lignification
 q - 11 potions of haste
 u - 8 potions of invisibility
 v - 9 potions of attraction
 w - 4 potions of resistance
 F - 15 potions of curing
 G - 9 potions of cancellation
 J - 5 potions of enlightenment
 O - 6 potions of magic
 U - 5 potions of ambrosia
Miscellaneous
 h - a sack of spiders
 y - a phantom mirror
 L - a lightning rod (4/4)
 Q - a phial of floods


   Skills:
 O Level 27 Fighting
 - Level 24.0 Axes
 + Level 26.0 Armour
 - Level 15.1 Dodging
 + Level 25.6 Shields
 - Level 4.7 Spellcasting
 - Level 3.2 Fire Magic


You had 35 spell levels left.
You didn't know any spells.
Your spell library contained the following spells:

 Spells                   Type           Power      Damage    Failure   Level
 Scorch                   Fire           22%        2d5       38%         2
 Foxfire                  Conj/Fire      28%        2x1d5     47%         1
 Kiss of Death            Conj/Necr      12%        2d6       71%         1
 Necrotise                Necr           12%        1d4       71%         1
 Shock                    Conj/Air       12%        1d3       71%         1
 Slow                     Hex            12%        N/A       71%         1
 Sting                    Tmut/Pois      12%        1d3       71%         1
 Summon Small Mammal      Summ           12%        N/A       71%         1
 Blink                    Tloc           6%         N/A       85%         2
 Ensorcelled Hibernation  Hex/Ice        6%         N/A       85%         2
 Lesser Beckoning         Tloc           6%         N/A       85%         2
 Momentum Strike          Conj/Tloc      6%         3d8       85%         2
 Passwall                 Tmut/Erth      2%         N/A       85%         2
 Poisonous Vapours        Pois/Air       6%         N/A       85%         2
 Searing Ray              Conj           6%         2d4       85%         2
 Static Discharge         Conj/Air       6%         2-3/arc   85%         2
 Sublimation of Blood     Necr           3%         N/A       85%         2
 Wereblood                Tmut           3%         N/A       85%         2
 Call Canine Familiar     Summ           3%         N/A       97%         3
 Confusing Touch          Hex            3%         N/A       97%         3
 Dazzling Flash           Conj/Hex       6%         N/A       97%         3
 Gell's Gravitas          Tloc           3%         N/A       97%         3
 Ozocubu's Armour         Ice            3%         N/A       97%         3
 Portal Projectile        Hex/Tloc       6%         N/A       97%         3
 Summon Guardian Golem    Hex/Summ       3%         N/A       97%         3
 Swiftness                Air            3%         N/A       97%         3
 Teleport Other           Tloc           3%         N/A       97%         3
 Tukima's Dance           Hex            3%         N/A       97%         3
 Vampiric Draining        Necr           3%         2d6       97%         3
 Vhi's Electric Charge    Tloc/Air       6%         N/A       97%         3
 Flame Wave               Conj/Fire      7%         2d5       99%         4
 Airstrike                Air            1%         2d(1-17)  100%        4
 Anguish                  Hex/Necr       1%         N/A       100%        4
 Dispel Undead            Necr           3%         3d7       100%        4
 Iskenderun's Mystic Bla  Conj/Tloc      3%         2d3       100%        4
 Olgreb's Toxic Radiance  Pois           3%         N/A       100%        4
 Passage of Golubria      Tloc           3%         N/A       100%        4
 Summon Ice Beast         Ice/Summ       3%         N/A       100%        4
 Summon Lightning Spire   Summ/Air       3%         N/A       100%        4
 Agony                    Necr           3%         N/A       100%        5
 Alistair's Intoxication  Tmut/Pois      2%         N/A       100%        5
 Arcjolt                  Conj/Air       1%         1d11      100%        5
 Borgnjor's Vile Clutch   Necr/Erth      1%         N/A       100%        5
 Irradiate                Conj/Tmut      1%         3d12      100%        5
 Silence                  Hex/Air        1%         N/A       100%        5
 Summon Forest            Summ/Tloc      1%         N/A       100%        5
 Summon Mana Viper        Hex/Summ       3%         N/A       100%        5
 Yara's Violent Unravell  Hex/Tmut       1%         3d3       100%        5
 Death Channel            Necr           1%         N/A       100%        6
 Dispersal                Tloc           1%         N/A       100%        6
 Eringya's Noxious Bog    Tmut/Pois      1%         4d6       100%        6
 Haunt                    Necr/Summ      1%         N/A       100%        7
 Monstrous Menagerie      Summ           1%         N/A       100%        7
 Ozocubu's Refrigeration  Ice            1%         4d7       100%        7
 Summon Hydra             Summ           1%         N/A       100%        7
 Disjunction              Tloc           1%         N/A       100%        8
 Infestation              Necr           1%         N/A       100%        8
 Maxwell's Capacitive Co  Air            1%         death     100%        8
 Chain Lightning          Conj/Air       1%         3d2       100%        9
 Fire Storm               Conj/Fire      3%         8d1       100%        9
 Animate Dead             Necr           Unusable   N/A       N/A         4

Dungeon Overview and Level Annotations

Branches:
Dungeon (15/15)            Temple (1/1) D:4            Lair (5/5) D:10
  Swamp (4/4) Lair:3       Spider (4/4) Lair:2        Slime (0/5) Lair:5
    Orc (2/2) D:12            Elf (3/3) Orc:2        Vaults (5/5) D:14
  Crypt (0/3) Vaults:3     Depths (4/4) D:15            Zot (5/5) Depths:4
  IceCv (visited)         Volcano (visited)          WizLab (visited)

Altars:
Ashenzari
Cheibriados
Dithmenos
Elyvilon
Fedhas
Gozag
Hepliaklqana
Kikubaaqudgha
Makhleb
Nemelex Xobeh
Okawaru
Qazlal
Ru
Sif Muna
Trog
Uskayaw
Vehumet
Wu Jian
Xom
Yredelemnul
Zin
The Shining One
Beogh
Jiyva

Shops:
D:1 (   D:9 =   D:10 [=*[[   Orc:2 =[((   Elf:1 =(=   Lair:1 !=   Vaults:1 :
Vaults:2 (   Vaults:3 *   Depths:2 :   Depths:3 =[[

Portals:
Hell: Lair:5 Depths:1 Depths:2 Depths:3 Depths:4
Abyss: Depths:3
Pandemonium: Depths:2
Ziggurat: Depths:4

Annotations:
D:12 1 runed translucent door, exclusion: door, blacky4's ghost, journeyman MiBe
Lair:4 exclusion: 3 oklob plants
Swamp:3 1 runed translucent door, exclusion: door, ciphuk's ghost, journeyman FeSh
Orc:1 3 runed translucent doors, exclusion: 3 doors, grizmgrazm2's ghost, novice TrSh
Elf:2 3 runed translucent doors, exclusion: 3 doors
Depths:3 1 transporter
Depths:4 exclusion: 4 draconian stormcallers


Innate Abilities, Weirdness & Mutations

You have sharp fingernails.
You have large cloven feet.
You are clumsy. (Dex -2)
Armour fits poorly on your strangely shaped body.
Your magical capacity is low. (-10% MP)
Your spells are a little easier to cast, but a little less powerful.


Message History

Your spectral weapon shares its damage with you!
Your +9 spectral broad axe disappears.
You slice the Hell Sentinel!!
The Hell Sentinel is severely wounded.
Your +9 spectral broad axe hits the Hell Sentinel!!
You block the Hell Sentinel's attack. The Hell Sentinel closely misses you.
You slice the Hell Sentinel!!
You kill the Hell Sentinel!
Your +9 spectral broad axe disappears.
No target in view!
There is a stone staircase leading up here.
You climb upwards.
There is a stone staircase leading down here.
You open the door.
There is an open door here.
You see here a +0 club.
There is a stone staircase leading up here.
You climb upwards.
There is a stone staircase leading down here.
A soul eater comes into view.
The soul eater hits you but does no damage.
You slice the soul eater!!
The soul eater is moderately wounded.
Your +9 spectral broad axe hits the soul eater.
You slash the soul eater!
The soul eater is heavily wounded.
Your +9 spectral broad axe hits the soul eater but does no damage.
You block the soul eater's attack.
You closely miss the soul eater.
The soul eater is heavily wounded.
Your +9 spectral broad axe hits the soul eater!!!
You kill the soul eater!
No target in view!
You swap places.
Your +9 spectral broad axe disappears.
You now have 1540 gold pieces (gained 6).
There is an open door here.
There is an open door here.
There is a staircase leading out of the dungeon here.
You have escaped!

###########
#..#P..#..#
#@.'...'.P#
#..#...#..#
####...####
#..#...#(.#
#..'...'..#
#.P#.#.#(.#
####.#.####
###
#.P#...#..#
..#
#(.'...'..#


There were no monsters in sight!

Vanquished Creatures
  3 dread liches
  4 orbs of fire (Zot:5)
  5 ancient liches
  A juggernaut (Depths:4)
  Parghit (Depths:2)
  3 Killer Klowns (Zot:5)
  Margery (Vaults:4)
  A caustic shrike (Depths:3)
  8 golden dragons
  Nikola (Swamp:2)
  3 electric golems
  5 tentacled monstrosities
  A walking earthen tome (Depths:3)
  Jorgrun (D:12)
  2 Hell Sentinels
  11 Orb Guardians
  Mlioglotl (Lair:3)
  2 deep elf blademasters (Elf:3)
  4 quicksilver dragons
  5 liches
  Asterion (Spider:1)
  A walking frostbound tome (Depths:3)
  8 titans
  2 deep elf master archers (Elf:3)
  Frances (D:12)
  11 shadow dragons
  9 sphinxes
  Aizul (Spider:4)
  2 storm dragons
  6 thorn hunters
  Donald (Vaults:2)
  6 tengu reavers
  2 fenstrider witches (Swamp:4)
  9 frost giants
  15 fire giants
  9 deep elf sorcerers
  3 iron dragons
  7 emperor scorpions
  8 ghost moths
  5 deep elf elementalists
  2 balrugs
  A draconian shifter (Zot:3)
  Louise (Elf:1)
  3 orc warlords
  3 draconian annihilators
  24 vault wardens
  3 spectral caustic shrikes (Depths:4)
  A demonspawn corrupter (Zot:5)
  20 very ugly things
  A demonspawn blood saint (Zot:5)
  A reaper (Depths:3)
  5 war gargoyles (Vaults:5)
  3 spriggan defenders (Depths:3)
  21 ironbound preservers
  2 broodmothers
  4 vampire knights
  20 stone giants
  13 ironbound thunderhulks
  A draconian stormcaller (Zot:1)
  A black draconian (Depths:4)
  3 red draconians
  3 formless jellyfish
  13 deep elf annihilators
  11 deep elf demonologists
  3 yellow draconians
  7 dire elephants
  2 white draconians
  4 eleionomae
  13 spark wasps
  3 bunyips
  11 ettins
  A crystal guardian (Vaults:4)
  6 fire dragons
  8 deep elf death magi
  A merfolk impaler (Depths:2)
  2 blizzard demons
  A merfolk javelineer (Depths:2)
  A shambling mangrove (Swamp:3)
  7 entropy weavers
  7 great orbs of eyes
  Josephine (D:10)
  21 yaktaur captains
  5 deep elf high priests
  40 vault guards
  3 rakshasas
  Harold (D:10)
  5 ice dragons
  An ogre mage (Vaults:5)
  2 peacekeepers
  9 spriggan air magi
  A hell beast (Depths:3)
  7 centaur warriors
  5 ghost crabs
  Erica (D:10)
  6 jorogumos
  7 boulder beetles
  17 hydras
  15 dancing weapons
  7 radroaches
  8 ironbound frosthearts
  3 two-headed ogres
  10 alligators
  2 death yaks
  5 tengu warriors
  2 deep troll shamans (Depths:1)
  2 merfolk aquamancers (D:12)
  9 death scarabs
  5 deep troll earth magi
  7 demonic crawlers
  7 orc high priests
  4 spriggan berserkers
  12 spriggans
  15 deep elf knights
  19 hell knights
  2 sun demons (D:13)
  A soul eater (D:1)
  A shadow wraith (Vaults:5)
  2 skysharks
  4 goliath frogs
  3 iron trolls
  2 sixfirhies
  12 pharaoh ants
  A sun moth (Spider:2)
  A cherub (D:8)
  A skeletal warrior (D:14)
  7 swamp dragons
  40 deep trolls
  6 spriggan druids
  An obsidian statue (Zot:5)
  A golden dragon zombie (Depths:3)
  2 glowing orange brains (Depths:2)
  A sea snake (shapeshifter) (Vaults:3)
  4 orb spiders
  5 bog bodies
  15 deep elf archers
  24 ironbound convokers
  18 deep elf zephyrmancers
  12 lindwurms
  A spectral wolf spider (Spider:4)
  16 wizards
  6 orc knights
  A harpy (Vaults:1)
  7 necromancers
  Pikel (D:9)
  8 phantasmal warriors
  5 steelbarb worms
  25 deep elf pyromancers
  2 orc sorcerers
  A fire giant zombie (Vaults:1)
  A tengu zombie (Vaults:1)
  A wolf spider (shapeshifter) (Vaults:3)
  A manticore (D:15)
  A sphinx skeleton (Depths:3)
  14 cyclopes
  A will-o-the-wisp (Swamp:2)
  42 ugly things
  17 elephants
  A faun (shapeshifter) (Depths:3)
  16 wolf spiders
  15 moths of wrath
  2 salamanders (Depths:1)
  A moth of wrath (shapeshifter) (Depths:3)
  3 ice statues (IceCv)
  A black mamba (shapeshifter) (D:14)
  An orange demon (Lair:5)
  17 vault sentinels
  4 black mambas
  2 molten gargoyles (Volcano)
  3 water nymphs (D:12)
  A gargoyle (D:12)
  6 torpor snails
  2 smoke demons
  3 efreet
  A yaktaur (shapeshifter) (Depths:3)
  13 cane toads
  A spectral redback (Spider:4)
  2 unseen horrors
  A hellion (Zot:5)
  39 yaktaurs
  13 rime drakes
  Psyche (D:10)
  A kobold demonologist (D:13)
  17 komodo dragons
  5 tengu conjurers
  2 freezing wraiths
  6 ice devils
  A redback zombie (Spider:4)
  A komodo dragon (shapeshifter) (Elf:1)
  A red devil (Volcano)
  An anaconda simulacrum (IceCv)
  3 trolls
  A hellwing (D:13)
  5 polar bears
  A meliai (shapeshifter) (D:14)
  17 meliai
  A bloated husk (Swamp:3)
  A tarantella (shapeshifter) (D:14)
  A queen bee (D:14)
  33 tarantellas
  13 hornets
  3 spectral tarantellas (Spider:4)
  6 tyrant leeches
  A sphinx simulacrum (Depths:3)
  3 jumping spider zombies (Spider:4)
  2 spectral culicivoras (Spider:4)
  19 blink frogs
  A blink frog (shapeshifter) (Depths:3)
  3 culicivora zombies (Spider:4)
  A tarantella zombie (Spider:4)
  7 dream sheep
  33 jumping spiders
  6 air elementals
  26 slime creatures
  9 water elementals
  24 culicivoras
  10 wraiths
  A culicivora (shapeshifter) (D:15)
  A yak (shapeshifter) (Elf:3)
  3 shadows
  45 yaks
  3 wyverns (Lair:3)
  5 fire bats
  5 basilisks
  14 fire elementals
  A chaos spawn (D:11)
  12 vampire mosquitoes
  A fire bat (shapeshifter) (D:14)
  5 steam dragons
  67 redbacks
  A naga (shapeshifter) (Vaults:5)
  15 swamp worms
  6 wargs
  5 hell hounds
  24 water moccasins
  3 floating eyes
  A hydra simulacrum (IceCv)
  A hornet zombie (D:7)
  17 orc warriors
  10 swamp drakes
  3 black bears
  8 ogres
  5 boggarts (Vaults:3)
  A boggart (shapeshifter) (Vaults:5)
  13 wolves
  3 centaurs
  2 phantoms (D:5)
  7 kobold brigands
  2 lemures (D:9)
  An elf simulacrum (Vaults:1)
  13 bullfrogs
  A gnoll sergeant (D:12)
  A wyvern zombie (D:7)
  3 scorpions
  3 cane toad simulacra (IceCv)
  2 earth elementals
  A water moccasin zombie (D:7)
  9 wights
  48 killer bees
  An elephant simulacrum (IceCv)
  An electric eel (Lair:4)
  7 howler monkeys
  6 lava snakes (Volcano)
  3 centaur zombies (D:7)
  2 human zombies
  A bullfrog zombie (D:7)
  2 hounds
  36 orc priests
  4 iguanas
  2 sleepcaps
  Jessica (D:15)
  20 orc wizards
  A polar bear simulacrum (IceCv)
  A wolf simulacrum (IceCv)
  A mummy (D:7)
  8 gnolls
  7 adders
  3 white imps
  An ufetubus (D:7)
  A worm (D:2)
  4 dart slugs
  79 orcs
  7 ball pythons
  4 endoplasms
  2 giant cockroaches
  9 goblins
  7 hobgoblins
  8 jackals
  5 bats
  12 kobolds
  3 rats (D:2)
  7 spectral weapons
2030 creatures vanquished.

Vanquished Creatures (collateral kills)
  A dread lich (Zot:5)
  3 ancient liches (Zot:5)
  A Killer Klown (Zot:5)
  A curse toe (Zot:5)
  5 golden dragons
  2 electric golems (Zot:3)
  A tentacled monstrosity (Zot:5)
  13 Orb Guardians (Zot:5)
  4 death cobs
  9 storm dragons
  A draconian knight (Zot:5)
  2 draconian scorchers
  A ghost moth (Zot:2)
  A draconian annihilator (Zot:2)
  3 draconian shifters
  2 black draconians
  2 red draconians (Zot:5)
  2 purple draconians (Zot:5)
  10 yellow draconians
  5 white draconians
  A necromancer (Depths:3)
  9 moths of wrath
  A tengu conjurer (Depths:3)
80 creatures vanquished.

Vanquished Creatures (others)
  An orb of fire (Zot:5)
  A curse toe (Zot:4)
  A golden dragon (Zot:4)
  10 tentacled monstrosities
  2 Orb Guardians (Zot:5)
  A quicksilver dragon (Zot:4)
  6 death cobs
  2 draconian monks
  2 ghost moths
  A draconian knight (Zot:4)
  A draconian scorcher (Zot:3)
  2 draconian stormcallers (Zot:3)
  2 draconian shifters
  2 black draconians
  3 purple draconians
  4 green draconians
  6 yellow draconians
  5 white draconians
  5 red draconians
  5 moths of wrath
  2 bloated husks
  An electric eel (D:12)
  A lightning spire (Zot:3)
  25 foxfires
  93 spectral weapons
184 creatures vanquished.

Grand Total: 2294 creatures vanquished

Notes
Turn   | Place    | Note
-------+----------+-------------------------------------------
     0 | D:1      | Olga the Hill Orc Cinder Acolyte began the quest for the
                  | Orb.
     0 | D:1      | Reached XP level 1. HP: 19/19 MP: 2/2
   200 | D:1      | Reached XP level 2. HP: 21/27 MP: 3/3
   333 | D:1      | Found Caim Xyk's Antique Weapon Shoppe.
   407 | D:1      | Reached skill level 4 in Fighting
   594 | D:1      | Reached skill level 5 in Axes
   594 | D:1      | Reached XP level 3. HP: 30/33 MP: 4/4
  1762 | D:3      | Reached XP level 4. HP: 34/41 MP: 5/5
  1975 | D:3      | Reached XP level 5. HP: 44/47 MP: 6/6
  1989 | D:3      | Reached skill level 5 in Fighting
  2374 | D:3      | Found a snail-covered altar of Cheibriados.
  2378 | D:3      | Found a white marble altar of Elyvilon.
  2380 | D:3      | Found a glowing silver altar of Zin.
  2380 | D:3      | Found a radiant altar of Vehumet.
  2380 | D:3      | Found a hazy altar of Hepliaklqana.
  2380 | D:3      | Found a sacrificial altar of Ru.
  2382 | D:3      | Found a glowing golden altar of the Shining One.
  3132 | D:4      | Noticed an ogre
  3140 | D:4      | Killed an ogre
  3141 | D:4      | Reached skill level 1 in Armour
  3141 | D:4      | Reached XP level 6. HP: 56/56 MP: 7/7
  3508 | D:4      | Found a staircase to the Ecumenical Temple.
  3617 | D:4      | Reached XP level 7. HP: 40/62 MP: 8/8
  3895 | D:5      | Entered Level 5 of the Dungeon
  3991 | D:5      | Reached skill level 6 in Fighting
  4230 | D:5      | Reached skill level 1 in Shields
  4600 | D:5      | Reached XP level 8. HP: 71/71 MP: 9/9
  5012 | D:4      | Identified the +5 scale mail of the Evening Star {-Tele
                  | rCorr Str+4 Int+2}
  5256 | D:6      | Reached skill level 7 in Fighting
  5256 | D:6      | Reached skill level 10 in Axes
  6008 | D:6      | Reached XP level 9. HP: 66/79 MP: 10/10
  6134 | D:6      | Reached skill level 5 in Armour
  6880 | D:7      | Reached skill level 8 in Fighting
  7366 | D:7      | Reached skill level 5 in Shields
  8034 | D:7      | Reached XP level 10. HP: 66/82 MP: 11/11
  8147 | D:7      | Found an ancient bone altar of Kikubaaqudgha.
  8286 | D:8      | Reached skill level 9 in Fighting
  8947 | D:8      | Identified a scroll of acquirement
  8947 | D:8      | Acquired the +8 frozen axe "Frostbite" {freeze, freezing
                  | cloud, *Noise Fly rC+}
  8947 | D:8      | Found the +8 frozen axe "Frostbite" {freeze, freezing
                  | cloud, *Noise Fly rC+}
  9202 | D:9      | Noticed Pikel
  9209 | D:9      | Killed Pikel
  9526 | D:9      | Found Kuefuki's Jewellery Emporium.
  9919 | D:10     | Entered Level 10 of the Dungeon
  9921 | D:10     | Found Fatuom's Antique Armour Emporium.
  9975 | D:10     | Found Ruty's Jewellery Emporium.
  9975 | D:10     | Noticed Erica
  9976 | D:10     | Noticed Josephine
  9984 | D:10     | Noticed a two-headed ogre
  9984 | D:10     | Killed Josephine
  9988 | D:10     | Killed Erica
  9992 | D:10     | Reached skill level 10 in Fighting
  9992 | D:10     | Reached XP level 11. HP: 52/99 MP: 13/15
 10235 | D:10     | Killed a two-headed ogre
 10496 | D:10     | Noticed Harold
 10511 | D:10     | Killed Harold
 10512 | D:10     | Reached skill level 15 in Axes
 10741 | D:10     | Found Ibloighe's Armour Shoppe.
 10743 | D:10     | Found Zafaexuc's Assorted Antiques.
 11052 | D:10     | Bought a +0 pair of gloves for 76 gold pieces
 11060 | D:10     | Bought a scroll of identify for 56 gold pieces
 11060 | D:10     | Bought a potion of curing for 84 gold pieces
 11060 | D:10     | Bought a scroll labelled AKLENK HUEXUUTEWOE for 28 gold
                  | pieces
 11060 | D:10     | Bought a golden potion for 25 gold pieces
 11082 | D:10     | Found a staircase to the Lair.
 11163 | D:10     | Found Oblaun's Armour Emporium.
 11276 | D:10     | Noticed Psyche
 11283 | D:10     | Killed Psyche
 11893 | D:11     | Reached skill level 1 in Dodging
 12274 | Lair:1   | Entered Level 1 of the Lair of Beasts
 12317 | Lair:1   | Reached skill level 11 in Fighting
 12333 | Lair:1   | Found a frozen archway.
 12342 | IceCv    | Entered an ice cave
 12454 | IceCv    | Noticed a white ugly thing
 12464 | IceCv    | Killed a white ugly thing
 12465 | IceCv    | Reached XP level 12. HP: 77/110 MP: 18/18
 13499 | Lair:1   | Noticed a death yak
 13506 | Lair:1   | Killed a death yak
 14017 | Lair:2   | Found a hole to the Spider Nest.
 14149 | Lair:2   | Noticed a skyshark
 14154 | Lair:2   | Killed a skyshark
 14569 | Lair:2   | Reached XP level 13. HP: 117/117 MP: 20/20
 16430 | Lair:3   | Found a staircase to the Swamp.
 16955 | Lair:3   | Acquired 586 gold pieces
 17141 | Lair:4   | Reached XP level 14. HP: 125/125 MP: 21/21
 17698 | Lair:4   | You are sucked into a shaft and drop 1 floor!
 17698 | Lair:5   | Entered Level 5 of the Lair of Beasts
 18454 | Lair:4   | Reached skill level 12 in Fighting
 18794 | Lair:5   | Reached skill level 10 in Armour
 18809 | Lair:5   | Reached skill level 13 in Fighting
 19396 | Lair:5   | Found a burning altar of Makhleb.
 19462 | Lair:5   | Found a gateway to Hell.
 19548 | Lair:5   | Found a viscous altar of Jiyva.
 19548 | Lair:5   | Found a staircase to the Slime Pits.
 19813 | D:12     | Reached XP level 15. HP: 136/136 MP: 22/22
 19826 | D:12     | Noticed Frances
 19837 | D:12     | Noticed Jorgrun
 19846 | D:12     | Killed Jorgrun
 19846 | D:12     | HP: 4/137 [Frances/entropic shot (24)]
 19847 | D:12     | Reached skill level 5 in Dodging
 19849 | D:12     | Killed Frances
 19887 | D:12     | Reached skill level 14 in Fighting
 20236 | D:12     | Found a runed translucent door.
 20257 | D:12     | Noticed blacky4's ghost (journeyman MiBe)
 20260 | D:12     | Identified the +6 spear "Ehezuido" {heavy, *Corrode rF+++
                  | Dex+6}
 20516 | D:12     | Found a staircase to the Orcish Mines.
 20792 | Orc:1    | Entered Level 1 of the Orcish Mines
 20988 | Orc:1    | Noticed an orc warlord
 21059 | Orc:1    | Killed an orc warlord
 21094 | Orc:1    | Found a burning altar of Makhleb.
 21193 | Orc:1    | Found a runed translucent gate.
 21194 | Orc:1    | Found a runed translucent gate.
 21195 | Orc:1    | Found a runed translucent gate.
 21202 | Orc:1    | Identified the +9 chain mail of Enwal {Harm *Corrode rElec
                  | rC++}
 21224 | Orc:1    | Noticed grizmgrazm2's ghost (novice TrSh)
 21377 | Orc:1    | Found a roughly hewn altar of Beogh.
 21421 | Orc:2    | Entered Level 2 of the Orcish Mines
 21467 | Orc:2    | Found a dark tunnel.
 21472 | Volcano  | Entered a volcano
 21572 | Volcano  | Found a burning altar of Makhleb.
 22125 | Orc:2    | Found a staircase to the Elven Halls.
 22175 | Orc:2    | Found Vifiekku's Antique Weapon Shop.
 22184 | Orc:2    | Found Uppos's Antique Weapon Emporium.
 22388 | Orc:2    | Found Xorhazos's Armour Shop.
 22388 | Orc:2    | Found Ushodoji's Jewellery Emporium.
 22428 | Orc:2    | Found a roughly hewn altar of Beogh.
 23106 | D:13     | Reached skill level 15 in Fighting
 23881 | Temple   | Entered the Ecumenical Temple
 23886 | Temple   | Fell from the grace of Ignis
 23886 | Temple   | Became a worshipper of Gozag Ym Sagoz the Greedy
 24147 | D:14     | Identified the +3 short sword of Distant Shores {drain,
                  | rPois Will- Dex+3}
 24376 | D:14     | Found a gate to the Vaults.
 24453 | D:14     | Reached XP level 16. HP: 132/149 MP: 23/23
 24877 | D:14     | You are sucked into a shaft and drop 1 floor!
 24877 | D:15     | Entered Level 15 of the Dungeon
 24904 | D:15     | Reached skill level 16 in Fighting
 24915 | D:15     | Found a staircase to the Depths.
 25143 | D:15     | Found a sparkling altar of Nemelex Xobeh.
 25143 | D:15     | Noticed Jessica
 25146 | D:15     | Killed Jessica
 25402 | D:15     | Identified the +3 ring mail "Forunom" {Rampage Str+2}
 26023 | D:14     | Found a shimmering blue altar of Sif Muna.
 26117 | D:14     | You are sucked into a shaft and drop 1 floor!
 26396 | Lair:1   | Bought a potion of enlightenment for 90 gold pieces
 26484 | Swamp:1  | Entered Level 1 of the Swamp
 26484 | Swamp:1  | Noticed Mlioglotl
 26484 | Swamp:1  | Noticed a thorn hunter
 26502 | Lair:3   | Killed Mlioglotl
 26655 | Lair:3   | Was forgiven by Ignis
 26774 | Swamp:1  | Killed a thorn hunter
 27877 | Swamp:2  | Reached skill level 17 in Fighting
 27917 | Swamp:2  | Noticed a thorn hunter
 27927 | Swamp:2  | Killed a thorn hunter
 27974 | Swamp:2  | Noticed Nikola
 27984 | Swamp:2  | Killed Nikola
 28121 | Swamp:2  | Reached XP level 17. HP: 161/161 MP: 24/24
 28527 | D:10     | Bought the amulet of Cecao {Regen+ Str+3} for 433 gold
                  | pieces
 28527 | D:10     | Bought the ring "Ujivih" {Drain rF+ rC++} for 439 gold
                  | pieces
 29249 | Swamp:3  | Reached skill level 15 in Armour
 29541 | Swamp:3  | Found a runed translucent door.
 29542 | Swamp:3  | Noticed ciphuk's ghost (journeyman FeSh)
 29676 | Swamp:4  | Entered Level 4 of the Swamp
 30199 | Swamp:4  | Reached skill level 18 in Fighting
 31526 | Swamp:4  | Got a decaying rune of Zot
 31609 | Swamp:4  | Identified the +1 chain mail of Pogojein {Fly Int+2}
 31768 | Spider:1 | Entered Level 1 of the Spider Nest
 31794 | Spider:1 | Noticed Asterion
 31811 | Spider:1 | Killed Asterion
 31947 | Spider:1 | Reached skill level 19 in Fighting
 32181 | Spider:1 | Reached XP level 18. HP: 134/176 MP: 25/25
 32449 | Spider:1 | Found a roughly hewn altar of Beogh.
 33347 | Spider:2 | Reached skill level 20 in Fighting
 34019 | Spider:2 | Gained mutation: You occasionally lose the ability to drink
                  | potions when taking damage. [mutagenic glow]
 35000 | Spider:2 | Lost mutation: You occasionally lose the ability to drink
                  | potions when taking damage. [potion of mutation]
 35000 | Spider:2 | Gained mutation: Your spells are a little easier to cast,
                  | but a little less powerful. [potion of mutation]
 35000 | Spider:2 | Gained mutation: You have sharp fingernails. [potion of
                  | mutation]
 35000 | Spider:2 | Gained mutation: You have large cloven feet. [potion of
                  | mutation]
 35346 | Spider:3 | Reached skill level 21 in Fighting
 35442 | Spider:3 | Identified the +9 quarterstaff "Killer Bee's Regret"
                  | {flame, Fly Int+3 Dex+3}
 36439 | Spider:2 | Reached XP level 19. HP: 189/189 MP: 26/26
 36545 | Lair:1   | Bought a potion of curing for 54 gold pieces
 36545 | Lair:1   | Bought a potion of curing for 54 gold pieces
 36545 | Lair:1   | Bought a potion of haste for 180 gold pieces
 36611 | Spider:4 | Entered Level 4 of the Spider Nest
 36768 | Spider:3 | Reached XP level 20. HP: 125/198 MP: 16/27
 37113 | Spider:4 | Reached skill level 10 in Shields
 37567 | Spider:4 | Noticed Aizul
 37579 | Spider:4 | Killed Aizul
 38016 | Spider:4 | Got Elierir's Encyclopedia of Forms
 38037 | Spider:4 | Got a gossamer rune of Zot
 38039 | Spider:4 | Reached XP level 21. HP: 204/204 MP: 28/28
 38380 | Elf:1    | Entered Level 1 of the Elven Halls
 38567 | Elf:1    | Paralysed by an air elemental for 1 turns
 38576 | Elf:1    | Paralysed by an air elemental for 1 turns
 38772 | Elf:1    | Noticed Louise
 38786 | Elf:1    | Killed Louise
 38869 | Elf:1    | Found Wyplihei's Jewellery Shop.
 38979 | Elf:1    | Found Kabosh's Jewellery Emporium.
 38979 | Elf:1    | Found Ciun's Weapon Shoppe.
 38993 | Elf:1    | Reached skill level 15 in Shields
 39466 | Elf:2    | Paralysed by an air elemental for 1 turns
 39753 | Elf:2    | Identified the +9 orcbow "Redgh" {heavy, Dex+3}
 39873 | Elf:2    | Found a runed translucent gate.
 39914 | Elf:2    | Found a runed translucent gate.
 39915 | Elf:2    | Found a runed translucent gate.
 40079 | Elf:3    | Entered Level 3 of the Elven Halls
 40103 | Elf:3    | Found a magical portal.
 40112 | WizLab   | Entered The Chambers of the Cloud Mage
 40118 | WizLab   | Paralysed by an air elemental for 1 turns
 40237 | Elf:3    | Paralysed by an air elemental for 1 turns
 41199 | Elf:3    | Reached XP level 22. HP: 110/203 MP: 29/29
 41207 | Elf:3    | Identified the +8 hand axe of Dishonour {heavy, rC++ Str-5
                  | Dex+3}
 41626 | Elf:3    | Identified the ring of Ucayvaokh {rPois rCorr Stlth+}
 41865 | Elf:3    | Reached skill level 10 in Dodging
 41888 | Elf:3    | Identified the +1 morningstar of Ekluxt {venom, Dex+6}
 42176 | Elf:3    | Got the Almanac of Blasphemous Spells and Concussion
 42202 | Elf:3    | Identified the +2 pair of boots of the Sunfish {rCorr}
 42234 | Elf:3    | Got the Notes on the Conjured Compass
 42251 | Elf:3    | Got the Book of Assembling and Superposition
 42257 | Elf:3    | Identified the +4 sling "Mivedeti" {flame, Str+3}
 42695 | Vaults:1 | Entered Level 1 of the Vaults
 43043 | Vaults:1 | Found Tupot's Book Boutique.
 43164 | Vaults:1 | Identified the +9 spear of Untruth {protect, Int+3}
 43577 | Vaults:1 | Identified the +3 chain mail of Shadows and Fog {Str+2}
 44279 | Vaults:2 | Noticed Donald
 44297 | Vaults:2 | Reached skill level 22 in Fighting
 44303 | Vaults:2 | Killed Donald
 44613 | Vaults:2 | Got Sif Muna's Spellbook of the Filthy Arsonist
 44790 | Vaults:2 | Reached XP level 23. HP: 223/223 MP: 30/30
 44936 | Vaults:2 | Found Pyerut's Weapon Emporium.
 45189 | Vaults:2 | Identified the +7 hand axe "Ompoj" {heavy, *Noise Will+
                  | Str+5}
 45665 | Vaults:3 | You fall into a shaft and drop 1 floor!
 46575 | Vaults:3 | Found a staircase to the Crypt.
 47018 | Vaults:3 | Paralysed by a floating eye for 3 turns
 47086 | Vaults:3 | Reached skill level 23 in Fighting
 47384 | Vaults:3 | Identified the +8 war axe "Beastslayer" {heavy, rElec}
 47393 | Vaults:3 | Found the +16 obsidian axe {drain, demonic, Mesm Drain Fly
                  | SInv}
 47426 | Vaults:3 | Identified the +0 cloak "Uczi" {*Slow Regen+ rCorr Int-5}
 47637 | Vaults:3 | Identified the +8 war axe of Foul Odours {protect, rC+
                  | rCorr Str+2 Int+2}
 47653 | Vaults:3 | Found Uzxiakk's General Store.
 47659 | Vaults:3 | Reached XP level 24. HP: 129/235 MP: 30/30
 47848 | Vaults:3 | Bought a potion of curing for 39 gold pieces
 48327 | Vaults:4 | Noticed Margery
 48343 | Vaults:4 | Killed Margery
 49363 | Depths:1 | Entered Level 1 of the Depths
 50090 | Depths:1 | Found a radiant altar of Vehumet.
 50310 | Depths:1 | Identified the +0 plate armour of the Nine Knives {Rampage}
 50747 | Depths:2 | Found Hoho's Book Shoppe.
 50749 | Depths:2 | Found a one-way gate leading to the halls of Pandemonium.
 51365 | Depths:2 | Reached XP level 25. HP: 238/245 MP: 30/30
 52053 | Depths:3 | Found a transporter.
 52095 | Depths:3 | Paralysed by a floating eye for 4 turns
 52103 | Depths:3 | Paralysed by a floating eye for 4 turns
 52165 | Depths:3 | Reached skill level 24 in Fighting
 52362 | Depths:3 | Found Foimoc's Jewellery Shoppe.
 52364 | Depths:3 | Found Dizxuc's Armour Emporium.
 52372 | Depths:3 | Found Atumolet's Armour Shoppe.
 52419 | Depths:3 | Noticed Parghit
 52546 | Depths:2 | Killed Parghit
 52774 | Lair:1   | Bought the ring "Ubbau" {rElec MP+9 Int+3} for 523 gold
                  | pieces
 53015 | Depths:3 | Found a one-way gate to the infinite horrors of the Abyss.
 53411 | Depths:3 | Reached skill level 15 in Dodging
 53529 | Depths:3 | Found the +5 glaive of the Guard {elec, spectral, AC+5}
 53744 | Depths:3 | Found a white marble altar of Elyvilon.
 53745 | Depths:3 | Found a glowing silver altar of Zin.
 53749 | Depths:3 | Found a glowing golden altar of the Shining One.
 53788 | Depths:4 | Entered Level 4 of the Depths
 54108 | Depths:4 | Noticed a juggernaut
 54123 | Depths:4 | Killed a juggernaut
 54178 | Depths:4 | Found a gate to the Realm of Zot.
 54386 | Depths:4 | Found a one-way gateway to a ziggurat.
 55094 | Vaults:5 | Entered Level 5 of the Vaults
 55094 | Vaults:5 | Noticed a dread lich
 55104 | Vaults:5 | Killed a dread lich
 55136 | Vaults:5 | Reached skill level 25 in Fighting
 55177 | Vaults:5 | Reached XP level 26. HP: 221/258 MP: 30/30
 55586 | Vaults:5 | Identified the +8 long sword "Bipriadd" {drain, rN+ Will+}
 56160 | Vaults:5 | Got a silver rune of Zot
 56167 | Vaults:5 | Reached skill level 26 in Fighting
 57095 | Vaults:5 | Noticed an ancient lich
 57103 | Vaults:5 | Killed an ancient lich
 57127 | Vaults:5 | Identified the +7 quarterstaff "Dinkan" {heavy, rC- Will+
                  | Dex+5}
 57542 | Zot:1    | Entered Level 1 of the Realm of Zot
 59356 | Zot:3    | Noticed a Killer Klown
 60242 | Zot:4    | Reached XP level 27. HP: 270/270 MP: 30/30
 60267 | Zot:4    | Noticed an orb of fire
 60902 | Zot:5    | Entered Level 5 of the Realm of Zot
 61001 | Zot:5    | Killed an ancient lich
 61012 | Zot:5    | Killed a dread lich
 61139 | Zot:5    | Reached skill level 27 in Fighting
 61222 | Zot:5    | Noticed an ancient lich
 61223 | Zot:5    | Noticed an ancient lich
 61230 | Zot:5    | Killed an ancient lich
 61233 | Zot:5    | Killed an ancient lich
 61262 | Zot:5    | Noticed an ancient lich
 61271 | Zot:5    | Killed an ancient lich
 61277 | Zot:5    | Noticed an orb of fire
 61283 | Zot:5    | Gained mutation: You are clumsy. (Dex -2) [an orb of fire]
 61291 | Zot:5    | Killed an orb of fire
 61297 | Zot:5    | Noticed an ancient lich
 61300 | Zot:5    | Noticed an orb of fire
 61305 | Zot:5    | Noticed a dread lich
 61307 | Zot:5    | Killed an ancient lich
 61316 | Zot:5    | Killed an orb of fire
 61364 | Zot:5    | Killed a dread lich
 61525 | Zot:5    | Noticed an orb of fire
 61527 | Zot:5    | Noticed an orb of fire
 61545 | Zot:5    | Killed an orb of fire
 61547 | Zot:5    | Gained mutation: Your magical capacity is low. (-10% MP)
                  | [an orb of fire]
 61550 | Zot:5    | Killed an orb of fire
 61554 | Zot:5    | Noticed an ancient lich
 61565 | Zot:5    | Killed an ancient lich
 61566 | Zot:5    | Noticed a dread lich
 61576 | Zot:5    | Killed a dread lich
 61578 | Zot:5    | Noticed an ancient lich
 61595 | Zot:5    | Killed an ancient lich
 62434 | Zot:5    | Got the Orb of Zot
 63009 | D:6      | Noticed Bixiemorph the pandemonium lord
 63034 | D:5      | Gained mutation: Armour fits poorly on your strangely
                  | shaped body. [a neqoxec]
 63191 | D:$      | Escaped with the Orb!

Illustrated notes

Levels and vault maps discovered:
D:1:      dpeg_arrival_prison, layout_loops_ring, serial_shops,
          nicolae_shop_stone
D:2:      layout_basic
D:3:      layout_basic, minitemple
D:4:      layout_basic, minmay_temple_entry_from_below_b, hangedman_decor_push
D:5:      layout_basic, kennysheep_generic_room_7
D:6:      layout_basic
D:7:      kennysheep_steamy, layout_basic, lemuel_mausoleum_altar_kikubaaqudgha
D:8:      black_bear_nest_1, layout_loops_ring
D:9:      layout_loops_cross, serial_shops, nicolae_shop_gaudy_bauble,
          serial_rivers, chequers_serial_rivers_marsh,
          chequers_serial_rivers_large_b, chequers_serial_rivers_room_b,
          chequers_serial_rivers_room_b, uniq_pikel
D:10:     layout_basic, david_lair_shrubbed, serial_shops,
          nicolae_stop_n_shop_1, shop, shop, shop, shop,
          nicolae_twisty_statue_hallways, uniq_harold, uniq_josephine,
          uniq_erica, uniq_psyche
D:11:     layout_basic
D:12:     layout_gridville, kennysheep_orc_monster_closet_entryway,
          ebering_ghost_funeral_grove, nicolae_splish_splash, uniq_jorgrun,
          uniq_frances
D:13:     layout_roguey, serial_curves, eino_curves_03, eino_curves_02,
          grunt_ministairs_5, evilmike_butchery
D:14:     regret_index_combs_of_tragedy, layout_cave_pools, david_vaults_4,
          nicolae_sif_muna_little_library
D:15:     grunt_enter_depths_hoard, layout_loops_ring,
          nemelex_lonely_heart_becter
Temple:   nicolae_temple_ecumenical_triangle
Lair:1:   layout_regular_city, portal_ice_cave_rime, serial_bayou_crossing,
          grunt_megastairs_1
Lair:2:   layout_cave_pods, nicolae_spider_entry_lesser_pyramids
Lair:3:   nzn_winding_woodlands_stair_cross
          [nzn_winding_woodlands_5x15_sawtooth,
          nzn_winding_woodlands_center_diamonds,
          nzn_winding_woodlands_5x15_sidewinder,
          nzn_winding_woodlands_5x5_three, nzn_winding_woodlands_5x5_perimeter,
          nzn_winding_woodlands_5x15_concentric,
          nzn_winding_woodlands_center_pierced_h,
          nzn_winding_woodlands_5x15_default], layout_regular_city,
          palyth_hydra_swamp_entry
Lair:4:   layout_cave_pods, nicolae_quartered_pool_medium, dpeg_oklob_1,
          infiniplex_staircase_pool_2
Lair:5:   evil_forest, layout_gridlike, slime_entry_1
Swamp:1:  layout_falls_marsh, evilmike_swamp_ruin_house_1,
          infiniplex_staircase_pool, uniq_mlioglotl
Swamp:2:  cheibrodos_swamp_tower_of_moss, layout_basic_swamp, uniq_nikola
Swamp:3:  layout_basic_swamp, gammafunk_ghost_grave,
          evilmike_swamp_ruin_house_2, swamp_pool1
Swamp:4:  swamp, layout_basic_swamp, swamp_pool1
Spider:1: nicolae_spider_mines_2, nicolae_spider_webs_and_nodes, uniq_asterion
Spider:2: nicolae_spider_hilbert_zone_2 [nicolae_spider_hilbert_4_sides_1_open,
          nicolae_spider_hilbert_4_sides_1_open,
          nicolae_spider_hilbert_4_sides_1_open,
          nicolae_spider_hilbert_4_sides_1_open,
          nicolae_spider_hilbert_6_sides_1_open,
          nicolae_spider_hilbert_6_sides_1_open,
          nicolae_spider_hilbert_3_sides_1_open,
          nicolae_spider_hilbert_3_sides_1_open,
          nicolae_spider_hilbert_3_sides_1_open,
          nicolae_spider_hilbert_3_sides_1_open,
          nicolae_spider_hilbert_6_sides_1_open,
          nicolae_spider_hilbert_6_sides_1_open,
          nicolae_spider_hilbert_6_sides_1_open,
          nicolae_spider_hilbert_6_sides_1_open], nicolae_spider_claw_tunnel
Spider:3: layout_spider_delve, drop_trap
Spider:4: floodkiller_spider_rune_tomb, uniq_aizul
Orc:1:    layout_caves, biasface_ghost_orc_armoury, bloody_makhleb
Orc:2:    st_orc_town, layout_caves, nicolae_volcano_entry_lava_flow
Elf:1:    minmay_elf_arrival_summoners, layout_gridlike, serial_shops,
          nicolae_shop_peninsula, evilmike_minifort, minmay_shoptagon,
          uniq_louise
Elf:2:    elven_hall_of_blades_hangedman_original
          [nicolae_blade_entry_diamond_columns], layout_gridlike
Elf:3:    grunt_elf_hall_asides, layout_loops_corners, mu_enter_wizlab_4,
          minivault_11, hangedman_elf_power_crystal
Vaults:1: nicolae_vaults_disjoint_gnomons, nicolae_vaults_diamond_1, v_misc_8,
          vaults_dpeg_ring, nicolae_vaults_six-pack,
          vaults_mumra_minichess_inversion, nicolae_vaults_prndl,
          nicolae_vaults_an_arrangement, v_misc_32, ontoclasm_vaults_ring_small,
          hangedman_vaults_unwind, nicolae_vaults_surprise_closet,
          layout_vaults_maze_bifur, serial_shops, nicolae_shop_stone
Vaults:2: v_misc_31, nicolae_vaults_closet_pinwheel_6,
          nicolae_vaults_network_star, nicolae_vaults_rhombus_5,
          nicolae_vaults_trapezoid_lopsided_1,
          nicolae_vaults_taking_the_gang_shopping, nicolae_vaults_stepped_doors,
          nicolae_vaults_crenellated_ambush, hangedman_vaults_cutoff,
          nicolae_vaults_tetromino_Z_2, layout_vaults_omnigrid, uniq_donald
Vaults:3: minmay_crypt_entry_simple_box, nicolae_vaults_double_plus_1,
          st_greater_box_3, nicolae_vaults_mitosis,
          ontoclasm_vaults_claustrophobia, nicolae_vaults_network_quincunx
          [nicolae_vaults_network_quincunx_subvault,
          nicolae_vaults_network_quincunx_subvault,
          nicolae_vaults_network_quincunx_subvault,
          nicolae_vaults_network_quincunx_subvault,
          nicolae_vaults_network_quincunx_subvault],
          nicolae_vaults_stairing_the_circle, nicolae_vaults_closet_pinwheel_1,
          nicolae_vaults_tetromino_L_1, grunt_vaults_funnel,
          nicolae_vaults_heart-shaped_vault, layout_vaults_omnicross,
          serial_shops, shop
Vaults:4: nicolae_vaults_trapezoid_lopsided_1, nicolae_vaults_ninety_degrees,
          v_misc_9, v_misc_33, v_misc_25, nicolae_vaults_closet_pinwheel_3,
          v_rooms_4, v_misc_11, ontoclasm_vaults_gateway,
          nicolae_vaults_apartment_1, ontoclasm_vaults_decontamination,
          layout_vaults_ring, uniq_margery
Vaults:5
Depths:1: kennysheep_bubble_arena, layout_small_grid, hell_entry,
          amcnicky_mini_rare_corridor_liquid, minmay_door_square,
          nicolae_lava_and_water, fiery_altar_vehumet
Depths:2: nooodl_glass_maze, layout_cave_pools, chequers_serial_rivers_room_a,
          grunt_hell_entry_dis_mu, serial_shops, nicolae_book_shop_shelving,
          pan_entry
Depths:3: minmay_guarded_unrand_guard, layout_basic, grunt_mini_vestibule,
          abyss_entry_small_statue_room, good_gods_mini_temple,
          nicolae_diode_basic, minmay_shop_star, uniq_parghit
Depths:4: evilmike_zot_entry_argh, layout_cave_shapes, enter_ziggurat_f,
          pf_hell_entry_tar_river
Zot:1:    layout_onion
Zot:2:    layout_twisted_circle
Zot:3:    kennysheep_ambush_hall, layout_onion, st_small_dragon_hoard_1,
          amethyst_zot_foddershock, grunt_megastairs_5
Zot:4:    layout_onion_interference, uniq_josephina
Zot:5:    layout_gridlike

Skill      XL: |  1  2  3  4  5  6  7  8  9 10 11 12 13 14 15 16 17 18 19 20 21 22 23 24 25 26 27 |
---------------+----------------------------------------------------------------------------------+-----
Fighting       | 4 5 6 7 8 10 11 13 15 17 19 21 22 23 25 26 27 | 27.0
Axes           | 5 6 7 8 9 10 12 14 16 18 22 24 | 24.0
Armour         | 1 2 3 4 6 7 8 9 10 12 14 16 18 19 20 21 22 23 26 | 26.0
Shields        | 2 3 5 8 9 13 17 18 20 22 23 25 | 25.6
Spellcasting   | 2 4 |  4.7
Dodging        | 1 3 4 7 9 10 12 14 15 | 15.1
Fire Magic     | |  3.2

Action                     |  1- 3 |  4- 6 |  7- 9 | 10-12 | 13-15 | 16-18 | 19-21 | 22-24 | 25-27 || total
---------------------------+-------+-------+-------+-------+-------+-------+-------+-------+-------++-------
  Melee: Hand axe          |   105 |    47 |       |       |    36 |     5 |       |       |       ||   193
         War axe           |       |    77 |   324 |    64 |       |       |       |       |       ||   465
         Punch             |       |     2 |       |       |     1 |       |       |       |       ||     3
         Executioner's axe |       |       |       |   274 |   684 |  1031 |       |       |       ||  1989
         Broad axe         |       |       |       |       |       |       |   433 |  1237 |  1068 ||  2738
  Throw: Dart              |       |     2 |       |       |       |       |       |       |       ||     2
 Invoke: Fiery Armour      |       |     1 |     1 |     1 |     3 |       |       |       |       ||     6
         Foxfire Swarm     |       |       |       |       |     1 |       |       |       |       ||     1
         Call Merchant     |       |       |       |       |       |     2 |       |       |       ||     2
         Potion Petition   |       |       |       |       |       |     2 |       |     2 |     4 ||     8
         Bribe Branch      |       |       |       |       |       |       |       |       |     5 ||     5
  Evoke: Wand              |       |       |       |       |     1 |       |     1 |       |     4 ||     6
         Lightning rod     |       |       |       |       |       |     3 |       |       |       ||     3
         Phantom mirror    |       |       |       |       |       |       |       |       |     1 ||     1
    Use: Scroll            |     5 |     3 |     4 |    10 |     6 |    17 |     7 |     4 |     8 ||    64
         Potion            |       |     2 |     1 |     2 |     7 |    10 |     3 |     2 |    11 ||    38
   Stab: Distracted        |       |       |       |       |       |    11 |    10 |    44 |    29 ||    94
         Confused          |       |       |       |       |       |     1 |       |       |       ||     1
 Armour: Robe              |    16 |       |       |       |       |       |       |       |       ||    16
         Leather armour    |     7 |    24 |       |       |       |       |       |       |       ||    31
         Scale mail        |       |    42 |    53 |   164 |    98 |       |       |       |       ||   357
         Chain mail        |       |       |    54 |       |       |       |       |       |       ||    54
         Plate armour      |       |       |    31 |       |   329 |   741 |   184 |    51 |       ||  1336
         Pearl dragon scal |       |       |       |       |       |       |       |   174 |    32 ||   206
         Gold dragon scale |       |       |       |       |       |       |       |       |   304 ||   304
  Dodge: Dodged            |    62 |    66 |   115 |   144 |   275 |   470 |    89 |   193 |   174 ||  1588
  Block: Kite shield       |       |       |   124 |    16 |       |       |       |       |       ||   140
         Tower shield      |       |       |       |       |       |       |   220 |   664 |   664 ||  1548

Table legend: (Time is in decaauts)
 A = Elapsed time spent in this place.
 B = Non-inter-level travel time spent in this place.
 C = Inter-level travel time spent in this place.
 D = Time resting spent in this place.
 E = Time spent auto-exploring this place.
 F = Levels seen in this place.
 G = Mean time per level.
                   A        B        C        D        E       F      G
               +--------+--------+--------+--------+--------+-----+--------+
         Total |  62291 |  55822 |   6469 |   4548 |  40454 |  51 | 1221.4 |
       Dungeon |  18471 |  15141 |   3330 |    924 |  11640 |  15 | 1231.4 |
        Temple |     10 |      5 |      5 |      0 |      0 |   1 |   10.0 |
          Lair |   7650 |   6696 |    954 |    877 |   4734 |   5 | 1530.0 |
         Swamp |   4326 |   4167 |    159 |   1316 |   2044 |   4 | 1081.5 |
   Spider Nest |   5814 |   5346 |    468 |    150 |   4043 |   4 | 1453.5 |
  Orcish Mines |   1776 |   1620 |    156 |     40 |   1217 |   2 |  888.0 |
   Elven Halls |   3927 |   3731 |    196 |    257 |   2562 |   3 | 1309.0 |
        Vaults |   8708 |   8265 |    443 |    156 |   6311 |   5 | 1741.6 |
        Depths |   5232 |   4712 |    520 |    103 |   3435 |   4 | 1308.0 |
           Zot |   4990 |   4756 |    234 |    300 |   3812 |   5 |  998.0 |
      Ice Cave |    799 |    799 |      0 |    387 |    256 |   1 |  799.0 |
       Volcano |    567 |    567 |      0 |     35 |    394 |   1 |  567.0 |
        Wizlab |     15 |     15 |      0 |      0 |      3 |   1 |   15.0 |
               +--------+--------+--------+--------+--------+-----+--------+

Top non-repeatable levels by time:
   Elf:3: 2276 daAuts
Vaults:3: 2137 daAuts
Vaults:5: 2096 daAuts
  Lair:3: 2082 daAuts
  Lair:2: 1940 daAuts
Spider:2: 1889 daAuts
Vaults:4: 1640 daAuts
 Swamp:3: 1638 daAuts
Depths:1: 1576 daAuts
     D:5: 1563 daAuts
   Zot:5: 1555 daAuts
    D:14: 1527 daAuts
Vaults:2: 1509 daAuts
     D:9: 1481 daAuts
     D:6: 1481 daAuts
